 Dungeon Crawl Stone Soup version 0.21.1-1-g345015f (webtiles) character file.

27 inc the Conjurer (level 2, 0/11 HPs)
             Began as a Felid Conjurer on Feb 21, 2018.
             Slain by Sigmund
             ... wielding a +0 scythe
              (11 damage)
             ... on level 2 of the Dungeon.
             The game lasted 00:02:03 (1351 turns).

inc the Conjurer (Felid Conjurer)                   Turns: 1351, Time: 00:02:03

Health: 0/11       AC:  1    Str:  4    XL:     2   Next: 93%
Magic:  0/6        EV: 18    Int: 16    God:
Gold:   44         SH:  0    Dex: 16    Spells: 2/5 levels left
                                        Lives:  0   Deaths: 0

rFire    . . .     SeeInvis +   (weapon unavailable)
rCold    . . .     Gourm    .   (shield unavailable)
rNeg     . . .     Faith    .   (armour unavailable)
rPois    .         Spirit   .   (helmet unavailable)
rElec    .         Reflect  .   (cloak unavailable)
rCorr    .         Harm     .   (gloves unavailable)
MR       .....                  (boots unavailable)
Stlth    +++.......             (no amulet)
HPRegen  0.03/turn              (no ring)
MPRegen  0.10/turn              (no ring)

@: very slightly contaminated, quick
A: very small, no armour, no weapons or thrown items, stealth, claws 1, fangs 3,
see invisible, carnivore, speed 1, shaggy fur 1, slow metabolism 1, sharp paws
a: no special abilities


You were on level 2 of the Dungeon.
You were not hungry.

You visited 1 branch of the dungeon, and saw 2 of its levels.

You collected 44 gold pieces.

Inventory:

Scrolls
 c - a scroll of remove curse {unknown}
 f - a scroll of identify {unknown}
Potions
 d - a potion of might {unknown}
 e - a potion of lignification {unknown}
Books
 a - a book of Conjurations

   Spells                             Type                      Level
   a - Magic Dart                     Conjuration                  1
   b - Searing Ray                    Conjuration                  2
   c - Dazzling Spray                 Conjuration/Hexes            3
   d - Fulminant Prism                Conjuration/Hexes            4
   e - Force Lance                    Conjuration/Translocation    4
   f - Iskenderun's Mystic Blast      Conjuration                  4
Comestibles
 b - 3 rations


   Skills:
 - Level 2.6 Dodging
 - Level 2.6 Stealth
 + Level 2.3 Spellcasting
 + Level 4.3 Conjurations


You had 2 spell levels left.
You knew the following spells:

 Your Spells              Type           Power        Failure   Level  Hunger
a - Magic Dart            Conj           ###.         3%          1    #......
b - Searing Ray           Conj           ###...       5%          2    ###....


Dungeon Overview and Level Annotations

Branches:
Dungeon (2/15)

Altars:

Annotations:
D:2 Sigmund


Innate Abilities, Weirdness & Mutations

You cannot wear armour.
You are incapable of wielding weapons or throwing items.
Your paws allow you to move quietly. (Stealth)
You have sharp claws.
You have razor-sharp teeth.
You have supernaturally acute eyesight. (SInv)
You are carnivorous and can eat meat at any time.
You cover ground quickly.
You are covered in fur. (AC +1)
You have a slow metabolism.
Your sharp claws are effective at attacking unaware monsters.


Message History

You are very lightly contaminated with residual magic.
Nothing appears to happen.
Sigmund shouts!
Casting: Magic Dart
Confirm with . or Enter, or press ? or * to list all spells.
Aiming: Searing Ray
Press: ? - help, Shift-Dir - straight line, f/p - Sigmund
Aim: Sigmund, wielding a scythe and wearing a robe The searing ray hits Sigmund.
Sigmund is moderately wounded. (Press . to maintain the ray.) Sigmund gestures at you while chanting.
You resist with some effort.
The searing ray misses Sigmund.
The searing ray hits Sigmund.
Sigmund is heavily wounded.
Without enough magic to sustain it, your searing ray dissipates.
Sigmund hits you from afar with a scythe!
Ouch! That really hurt!
You die...

.... @..# ...## ..?# ..#
#.# #@#.# ########## #.#.#
.........# #@#.#
....[....#######.#.##
..............).....# #
..............).....# .#
....................##.#
.......................####
...................#.......
.........#######.#.<...##
########## #.#.........


You could see Sigmund.

Vanquished Creatures
  A dart slug (D:1)
  2 leopard geckos
  2 bats (D:1)
  A goblin (D:1)
  4 hobgoblins
  4 jackals (D:1)
  A frilled lizard (D:2)
  4 kobolds
  2 rats
21 creatures vanquished.

Notes
Turn   | Place    | Note
-------+----------+-------------------------------------------
     0 | D:1      | inc the Felid Conjurer began the quest for the Orb.
     0 | D:1      | Reached XP level 1. HP: 7/7 MP: 4/4
   484 | D:1      | Reached skill level 4 in Conjurations
   538 | D:1      | Reached XP level 2. HP: 11/11 MP: 1/6
   542 | D:1      | Learned a level 2 spell: Searing Ray
  1343 | D:2      | Noticed Sigmund
  1351 | D:2      | Slain by Sigmund

Skill      XL: |  1 |
---------------+----+-----
Conjurations   | 4 |  4.3
Dodging        | |  2.6
Stealth        | |  2.6
Spellcasting   | |  2.3

Action                   || total
-------------------------++-------
Melee: Unarmed           ||    10
       Bite              ||     1
 Cast: Magic Dart        ||    30
       Searing Ray       ||     4
 Stab: Sleeping          ||     3
  Eat: Chunk             ||     3
Dodge: Dodged            ||    24
